 Dungeon Crawl Stone Soup version 0.32-a0-306-gfed3edf829 (webtiles) character file.

Game seed: 2804789173358622996

232227 octoduck the Spry (level 18, -10/104 HPs)
             Began as a Felid Summoner on Feb 10, 2024.
             Was an Initiate of Gozag.
             Mangled by a spriggan berserker
             ... wielding a +1 hand axe of flaming
              (14 damage)
             ... on level 4 of the Depths on Feb 15, 2024.
             The game lasted 05:25:15 (80219 turns).

octoduck the Spry (Felid Summoner)                 Turns: 80219, Time: 05:25:15

Health: -10/104    AC:  3    Str:  4    XL:     18   Next: 81%
Magic:  8/36       EV: 31    Int: 33    God:    Gozag
Gold:   3418       SH:  0    Dex: 17    Spells: 1/43 levels left
                                        Lives:  0   Deaths: 6

rFire   . . .        (weapon unavailable)
rCold   + . .        (shield unavailable)
rNeg    . . .        (body armour unavailable)
rPois   .            (helmet unavailable)
rElec   .            (cloak unavailable)
rCorr   .            (gloves unavailable)
SInv    +            (boots unavailable)
Will    ++...        F - amulet of magic regeneration
Stlth   +++          Q - ring of wizardry
HPRegen 0.37/turn    N - +6 ring of intelligence
MPRegen 0.65/turn

%: wizardry (x1)
@: about to teleport, very slightly contaminated
A: very small, claws 1, fangs 3, see invisible, shaggy fur 3, stealthy paws, no
weapons or thrown items, no armour, multi-lived
}: 1/15 runes: decaying
a: Renounce Religion, Potion Petition, Call Merchant, Bribe Branch


You were on level 4 of the Depths.
You worshipped Gozag.
Gozag was most pleased with you.
You visited 8 branches of the dungeon, and saw 34 of its levels.

You collected 13076 gold pieces.
You spent 3932 gold pieces at shops.
You paid 5726 gold pieces to Gozag.

Inventory:

Jewellery
 i - a ring of protection from cold
 l - a ring of flight
 o - a ring of positive energy
 q - a +6 ring of dexterity
 w - a ring of wizardry
 A - an amulet of reflection
 E - a ring of protection from fire
 F - an amulet of magic regeneration (around neck)
 I - a ring of positive energy
 N - a +6 ring of intelligence (right paw)
 Q - a ring of wizardry (left paw)
Talismans
 L - a granite talisman
 M - a talisman of death
Wands
 e - a wand of polymorph (4)
 g - a wand of iceblast (7)
 j - a wand of mindburst (16)
 k - a wand of paralysis (13)
 r - a wand of flame (7)
 z - a wand of digging (11)
 S - a wand of light (5)
Scrolls
 b - 2 scrolls of butterflies
 d - 4 scrolls of noise
 t - 6 scrolls of fog
 u - 5 scrolls of vulnerability
 v - 2 scrolls of revelation
 y - 3 scrolls of poison
 C - 3 scrolls of immolation
 J - 2 scrolls of fear
 O - 2 scrolls of blinking
 R - a scroll of teleportation
Potions
 a - 2 potions of magic
 c - a potion of cancellation
 f - a potion of resistance
 h - 2 potions of haste
 m - 4 potions of ambrosia
 p - 6 potions of might
 s - 3 potions of enlightenment
 x - 3 potions of brilliance
 B - 4 potions of attraction
 D - 2 potions of curing
 G - 2 potions of lignification
 H - 2 potions of invisibility
 K - 5 potions of berserk rage
 P - 3 potions of mutation
Miscellaneous
 n - a lightning rod (4/4)


   Skills:
 - Level 15.0 Fighting
 - Level 19.0 Dodging
 - Level 5.2 Stealth
 - Level 13.3 Spellcasting
 - Level 13.8 Summonings
 - Level 10.0 Necromancy
 - Level 11.5 Translocations
 - Level 5.0 Fire Magic
 - Level 5.0 Air Magic
 + Level 12.8 Shapeshifting


You had one spell level left.
You knew the following spells:

 Your Spells              Type           Power      Damage    Failure   Level
a - Summon Small Mammal   Summ           100%       N/A       0%          1
b - Haunt                 Necr/Summ      39%        N/A       5%          7
c - Death Channel         Necr           36%        N/A       1%          6
d - Malign Gateway        Summ/Tloc      40%        N/A       4%          7
e - Martyr's Knell        Necr/Summ      79%        N/A       1%          4
f - Inner Flame           Hex/Fire       38%        N/A       1%          3
g - Swiftness             Air            53%        N/A       1%          3
h - Anguish               Hex/Necr       26%        N/A       1%          4
i - Summon Hydra          Summ           42%        N/A       2%          7

Your spell library contained the following spells:

 Spells                   Type           Power      Damage    Failure   Level
 Foxfire                  Conj/Fire      100%       2x1d9     1%          1
 Freeze                   Ice            88%        1d9       1%          1
 Sandblast                Erth           44%        2d11      1%          1
 Shock                    Conj/Air       100%       1d9       1%          1
 Slow                     Hex            88%        N/A       1%          1
 Sting                    Conj/Alch      88%        1d8       1%          1
 Call Imp                 Summ           100%       N/A       0%          2
 Call Canine Familiar     Summ           85%        N/A       0%          3
 Cigotuvi's Dreadful Rot  Necr/Alch/Air  100%       N/A       1%          2
 Ensorcelled Hibernation  Hex/Ice        44%        N/A       1%          2
 Jinxbite                 Hex            44%        N/A       1%          2
 Mercury Vapours          Alch/Air       76%        N/A       1%          2
 Searing Ray              Conj           44%        2d6       1%          2
 Sublimation of Blood     Necr           73%        N/A       1%          2
 Fugue of the Fallen      Necr           73%        N/A       1%          3
 Gell's Gravitas          Tloc           78%        N/A       1%          3
 Teleport Other           Tloc           78%        N/A       1%          3
 Vampiric Draining        Necr           73%        2d11      1%          3
 Airstrike                Air            26%        2d(4-20)  1%          4
 Dispel Undead            Necr           73%        3d24      1%          4
 Summon Blazeheart Golem  Fire/Summ      71%        N/A       1%          4
 Summon Lightning Spire   Summ/Air       71%        N/A       1%          4
 Dispersal                Tloc           39%        N/A       1%          6
 Summon Cactus Giant      Summ           42%        N/A       1%          6
 Confusing Touch          Hex            22%        N/A       2%          3
 Frozen Ramparts          Ice            44%        1d7       2%          3
 Hailstorm                Conj/Ice       22%        3d7       2%          3
 Passwall                 Erth           22%        N/A       2%          3
 Sigil of Binding         Hex            22%        N/A       2%          3
 Stone Arrow              Conj/Erth      44%        3d9       2%          3
 Brom's Barrelling Bould  Conj/Erth      22%        2d4       9%          4
 Olgreb's Toxic Radiance  Alch           22%        N/A       9%          4
 Plasma Beam              Fire/Air       26%        2x1d39    16%         6
 Summon Horrible Things   Summ           42%        N/A       17%         8
 Irradiate                Conj/Alch      11%        3d15      22%         5
 Yara's Violent Unravell  Hex/Alch       11%        3d6       22%         5
 Spellforged Servitor     Conj/Summ      30%        N/A       36%         7
 Starburst                Conj/Fire      19%        6d7       38%         6
 Infestation              Necr           36%        N/A       61%         8
 Enfeeble                 Hex            11%        N/A       99%         7
 Ignition                 Fire           26%        3d9       99%         8
 Animate Dead             Necr           Unusable   N/A       N/A         4

Dungeon Overview and Level Annotations

Branches:
Dungeon (15/15)            Temple (1/1) D:4            Lair (5/5) D:8
  Swamp (4/4) Lair:3       Spider (1/4) Lair:2        Slime (0/5) Lair:4
    Orc (2/2) D:11            Elf (2/3) Orc:2        Vaults (0/5) D:14
 Depths (4/4) D:15
    Zot: Depths:4

Altars:
Ashenzari
Cheibriados
Dithmenos
Elyvilon
Fedhas
Gozag
Hepliaklqana
Kikubaaqudgha
Makhleb
Nemelex Xobeh
Okawaru
Qazlal
Ru
Sif Muna
Trog
Uskayaw
Vehumet
Wu Jian
Xom
Yredelemnul
Zin
The Shining One
Jiyva

Shops:
D:2 *   D:5 *   D:9 :   D:11 :   D:14 *   D:15 *   Orc:2 ([:*   Lair:1 =
Lair:3 :   Lair:4 =

Portals:
Hell: Depths:1 Depths:2 Depths:3
Abyss: Depths:1 Depths:3
Pandemonium: Depths:2
Ziggurat: Depths:3

Annotations:
D:5 Pikel
D:10 exclusion: angel
Lair:1 1 exclusion
Lair:4 3 runed translucent doors, exclusion: blazeheart golem, CougarLife's ghost, journeyman GnEE
Swamp:1 Frances
Depths:3 1 runed translucent door, exclusion: large abomination


Innate Abilities, Weirdness & Mutations

You have sharp claws.
You have razor-sharp teeth.
You have supernaturally acute eyesight. (SInv)
Your thick and shaggy fur keeps you warm. (AC +3, rC+)
Your paws help you pounce on unaware monsters.
You are incapable of wielding weapons or throwing items.
You cannot wear armour.
You gain extra lives every three experience levels.


Message History

You miscast Malign Gateway.
You are very lightly contaminated with residual magic.
Something forms from out of thin air.
A nameless horror comes into view.
Casting: Malign Gateway (dangerous; 4% risk of failure)
Confirm with . or Enter, or press ? or * to list all spells.
The dungeon shakes, a horrible noise fills the air, and a portal to some otherworldly place is opened!
The death yak completely misses you.
The spriggan berserker completely misses you.
The nameless horror attacks as it pursues you!
The nameless horror completely misses you.
The spriggan berserker closely misses you.
The spriggan berserker attacks as it pursues you!
The spriggan berserker hits you with a +1 hand axe of flaming!!!
The spriggan berserker burns you! The death yak completely misses you.
The nameless horror hits your eldritch tentacle!
The death yak gores your eldritch tentacle!!
The spriggan berserker misses you.
The spriggan berserker hits your eldritch tentacle segment with a +1 hand axe of flaming!!
The spriggan berserker hits your eldritch tentacle with a +1 hand axe of flaming!
Your eldritch tentacle slaps the spriggan berserker.
Your eldritch tentacle claws the spriggan berserker but does no damage.
The death yak gores your eldritch tentacle!!
The spriggan berserker hits your eldritch tentacle segment but does no damage.
The spriggan berserker hits your eldritch tentacle with a +1 hand axe of flaming.
The nameless horror hits your eldritch tentacle but does no damage.
Your eldritch tentacle slaps the death yak!
The death yak is engulfed in flames!!
The death yak dies!
The death yak's corpse disappears in a puff of smoke!
The spriggan berserker hits your eldritch tentacle segment with a +1 hand axe of flaming!!
The spriggan berserker hits your eldritch tentacle with a +1 hand axe of flaming!
With a roar, the tentacle is hauled back through the portal!
As you read the scroll of teleportation, it crumbles to dust.
You feel strangely unstable.
The spriggan berserker hits you with a +1 hand axe of flaming!!!
* * * LOW HITPOINT WARNING * * *
The spriggan berserker burns you!
You die...
Your body crumbles into a pile of gold.

#........#.#
#.#.#.#..#.#
#........#.#
#.#.#.#..#.########.
+........'..).......
#........#..######.#
#.....[..##+#
#.......## #..@[§.##
#..i...# +§.X...#
#§.....# #..§...##
#.......##
#....###.# ###
####'#.#####∩#
#.'..###..#


You could see a nameless horror and a spriggan berserker (berserk).

Vanquished Creatures
  A stone giant (D:15)
  2 deep elf death magi (Elf:1)
  7 hydras
  Harold (D:11)
  2 centaur warriors
  3 two-headed ogres
  Urug (D:14)
  2 deep elf knights (Elf:1)
  4 nameless horrors
  A swamp dragon (Swamp:2)
  4 bog bodies
  A deep elf archer (Elf:1)
  7 slime creatures
  2 deep elf zephyrmancers (Elf:1)
  A deep elf pyromancer (Elf:1)
  2 orc knights (Orc:2)
  An orc sorcerer (Elf:1)
  2 manticores
  4 ugly things
  5 cyclopes
  7 elephants
  6 black mambas
  A cane toad (shapeshifter) (D:13)
  A torpor snail (Lair:5)
  5 cane toads
  A gargoyle (D:11)
  6 komodo dragons
  A yaktaur (D:15)
  2 trolls
  2 tyrant leeches
  2 blink frogs
  3 hornets (Lair:5)
  4 polar bears (Lair:5)
  4 dream sheep (Lair:5)
  A raiju (Lair:5)
  36 yaks
  A water elemental (Elf:1)
  4 humans (D:14)
  A wraith (D:11)
  A wyvern (D:10)
  3 basilisks
  A hog (Swamp:1)
  2 vampire mosquitoes (D:11)
  3 swamp worms
  3 water moccasins
  An ice beast (D:8)
  8 orc warriors
  4 black bears (Lair:5)
  An ogre (D:11)
  13 wolves
  6 centaurs
  A bullfrog (D:7)
  A gnoll sergeant (D:6)
  3 killer bees
  A howler monkey (D:9)
  An orc priest (D:7)
  2 orc wizards
  3 hell rats (Lair:3)
  3 orcs
  3 kobolds
  A rat (D:1)
206 creatures vanquished.

Vanquished Creatures (collateral kills)
  Mara (Swamp:4)
  5 caustic shrikes (Depths:4)
  A bone dragon (Depths:4)
  2 liches
  A tentacled monstrosity (Swamp:4)
  Mlioglotl (Swamp:4)
  A thorn hunter (Swamp:4)
  Kirke (Swamp:1)
  An iron dragon (Depths:4)
  3 fenstrider witches (Swamp:4)
  3 frost giants
  Louise (Elf:1)
  2 fire giants (Depths:2)
  A deep elf sorcerer (Elf:1)
  A ghoul (Swamp:4)
  7 stone giants
  A spriggan defender (Depths:2)
  2 very ugly things (Depths:2)
  A deep elf demonologist (Elf:1)
  6 vampire knights
  A yellow draconian (Depths:4)
  2 eleionomae
  A white draconian (Depths:4)
  3 spark wasps (Depths:2)
  2 bunyips
  5 ettins
  2 merfolk impalers (Depths:1)
  9 jiangshi (Depths:2)
  7 fire dragons
  2 shambling mangroves (Swamp:4)
  6 hydras
  A ghost crab (Swamp:4)
  2 hell beasts (Swamp:4)
  2 ice dragons
  4 ogre magi (Swamp:4)
  2 spriggan air magi
  10 alligators
  3 boulder beetles
  A death yak (Lair:2)
  A deep troll earth mage (Depths:4)
  4 two-headed ogres
  8 tengu warriors
  3 occultists
  3 dancing weapons
  A hell hog (Lair:5)
  6 vampire magi
  A soul eater (Swamp:4)
  2 spriggan berserkers
  Nergalle (D:11)
  3 deep elf knights
  Sonja (Orc:1)
  2 sixfirhies (Swamp:4)
  A death drake (Swamp:4)
  9 goliath frogs
  An orb spider (Lair:2)
  6 spriggan druids
  2 swamp dragons
  5 bog bodies
  A sun moth (shapeshifter) (Depths:2)
  5 deep elf archers
  2 lindwurms
  6 flayed ghosts (Depths:2)
  3 glowing orange brains (Depths:2)
  18 deep elf pyromancers
  5 phantasmal warriors (Depths:2)
  10 deep elf zephyrmancers
  2 orc knights
  12 ugly things
  3 cyclopes
  An orc sorcerer (Swamp:4)
  Maurice (D:11)
  5 will-o-the-wisps
  4 elephants
  3 meliai (D:15)
  A guardian serpent (shapeshifter) (D:8)
  2 kobold blastminers (Orc:2)
  2 orange demons (Swamp:4)
  3 black mambas
  A smoke demon (Swamp:3)
  A cane toad (Lair:1)
  4 torpor snails
  The ghost of TheLasagnaBaron the Ducker, a novice DjFE of Makhleb (D:4)
  A rime drake (Lair:4)
  4 tengu conjurers
  An efreet (D:13)
  A rime drake (shapeshifter) (D:14)
  A komodo dragon (Lair:3)
  6 polar bears
  4 trolls
  2 hellwings (Swamp:4)
  2 bloated husks
  2 glass eyes (Depths:2)
  4 tyrant leeches
  13 hornets
  2 raiju (Lair:5)
  8 blink frogs
  6 dream sheep (Lair:5)
  8 water elementals
  7 slime creatures
  6 nameless horrors
  A spriggan (shapeshifter) (D:14)
  2 shadows
  9 spriggans
  A hog (Lair:3)
  A wraith (D:11)
  11 humans (D:14)
  2 steam dragons
  6 basilisks
  2 wyverns
  21 yaks
  9 redbacks
  5 vampire mosquitoes
  5 wargs
  3 chaos spawn (Swamp:4)
  2 acid dragons
  14 swamp worms
  15 hell hounds
  14 water moccasins
  7 swamp drakes
  8 black bears
  18 orc warriors
  An ice beast (D:5)
  2 sky beasts
  6 ogres
  22 wolves
  12 centaurs
  2 phantoms
  2 kobold brigands
  An earth elemental (Elf:1)
  2 scorpions
  11 bullfrogs
  2 gnoll sergeants
  6 wights
  6 killer bees
  11 howler monkeys
  2 electric eels (D:13)
  A lava snake (Orc:1)
  2 hounds
  An iron imp (D:3)
  3 bombardier beetles
  3 jellies
  6 orc priests
  4 gnoll boudas
  Terence (D:2)
  Jessica (D:2)
  3 hell rats (Lair:3)
  5 iguanas
  6 orc wizards
  34 gnolls
  6 adders
  2 white imps
  2 ufetubi (D:5)
  A dart slug (D:2)
  54 orcs
  5 bats (D:1)
  8 endoplasms
  3 giant cockroaches
  6 goblins
  4 hobgoblins
  3 jackals
  A quokka (D:3)
  8 ball pythons
  3 frilled lizards
  13 kobolds
  2 rats (D:2)
776 creatures vanquished.

Vanquished Creatures (others)
  Nikola (Swamp:1)
  31 eldritch tentacles
  A shambling mangrove (Swamp:1)
  2 hydras (Swamp:4)
  An alligator (Swamp:2)
  A centaur warrior (D:14)
  A dancing weapon (Elf:1)
  2 deep elf knights
  2 deep elf zephyrmancers
  A cyclops (D:12)
  3 meliai (D:13)
  2 manticores
  A kobold blastminer (Orc:2)
  A torpor snail (Lair:5)
  Psyche (D:10)
  A bloated husk (Swamp:4)
  2 tyrant leeches
  3 hornets
  A troll (D:12)
  A polar bear (Lair:5)
  A raiju (Lair:5)
  A dream sheep (Lair:5)
  A yak (D:7)
  3 hogs (Swamp:1)
  A human (D:14)
  A vampire mosquito (D:11)
  3 swamp worms
  A centaur (D:11)
  A kobold brigand (D:7)
  A wight (D:8)
  2 gnolls (D:7)
  A kobold (D:7)
  152 blazeheart cores
  33 foxfires
  5 starspawn tentacles (Swamp:4)
266 creatures vanquished.

Grand Total: 1248 creatures vanquished

Notes
Turn   | Place    | Note
-------+----------+-------------------------------------------
     0 | D:1      | octoduck the Felid Summoner began the quest for the Orb.
     0 | D:1      | Reached XP level 1. HP: 9/9 MP: 4/4
   357 | D:1      | Found Byexitt's Distillery.
   503 | D:1      | Reached XP level 2. HP: 13/13 MP: 6/6
   508 | D:1      | Learned a level 2 spell: Call Imp
  1764 | D:2      | Identified the +4 leather armour of Whack-A-Mole {Rampage
                  | rElec Stlth+}
  1785 | D:2      | Reached XP level 3. HP: 16/16 MP: 4/8
  1815 | D:2      | Noticed Terence
  2101 | D:2      | Noticed Jessica
  2117 | D:2      | Found Qustreck's Assorted Antiques.
  2271 | D:2      | Learned a level 3 spell: Call Canine Familiar
  2531 | D:2      | Found a broken altar of Ashenzari.
  2703 | D:2      | Killed Terence
  2805 | D:3      | Reached XP level 4. HP: 20/21 MP: 1/9
  2805 | D:3      | Gained a life (2 lives remaining)
  3088 | D:3      | Found a burning altar of Makhleb.
  3181 | D:3      | Noticed an ogre
  3202 | D:3      | Killed an ogre
  3203 | D:3      | Reached skill level 5 in Summonings
  3203 | D:3      | Reached XP level 5. HP: 24/24 MP: 2/11
  4118 | D:3      | Learned a level 4 spell: Summon Blazeheart Golem
  4630 | D:3      | Reached skill level 3 in Dodging
  4772 | D:3      | Found the +5 woodcutter's axe
  5442 | D:4      | Found a staircase to the Ecumenical Temple.
  5452 | Temple   | Entered the Ecumenical Temple
  5472 | Temple   | Became a worshipper of Gozag Ym Sagoz the Greedy
  5886 | D:4      | Gained mutation: You are covered in thick fur. (AC +2)
                  | [Felid growth]
  5886 | D:4      | Reached XP level 6. HP: 29/29 MP: 13/13
  6066 | D:4      | Found a runed translucent door.
  6067 | D:4      | Noticed TheLasagnaBaron's ghost (novice DjFE)
  6249 | D:4      | Reached skill level 1 in Fighting
  6369 | D:5      | Entered Level 5 of the Dungeon
  6533 | D:5      | Found Bahoas's General Store.
  6569 | D:5      | Reached skill level 1 in Fire Magic
  6928 | D:5      | Noticed an ice beast
  6940 | D:5      | Killed an ice beast
  6948 | D:5      | Noticed a sky beast
  6962 | D:5      | Killed a sky beast
  6963 | D:5      | Reached skill level 4 in Dodging
  6963 | D:5      | Reached XP level 7. HP: 35/35 MP: 10/14
  8097 | D:5      | Bought a scroll of identify for 22 gold pieces
  8279 | D:5      | Found a blossoming altar of Fedhas.
  8723 | D:5      | Noticed Pikel
  8967 | D:5      | Upgraded the game from 0.32-a0-132-g2d33c3cfaf to
                  | 0.32-a0-136-gc02482bde3
  9033 | D:5      | Reached skill level 5 in Dodging
  9044 | D:5      | Found a stormy altar of Qazlal.
  9062 | D:5      | You fall into a shaft and drop 1 floor!
  9145 | D:5      | Found a hazy altar of Hepliaklqana.
  9689 | D:6      | Reached skill level 5 in Spellcasting
  9689 | D:6      | Reached XP level 8. HP: 40/40 MP: 9/16
 10608 | D:2      | Killed Jessica
 11515 | D:6      | Reached skill level 6 in Dodging
 13173 | D:7      | Reached XP level 9. HP: 46/46 MP: 14/18
 14372 | D:8      | Reached skill level 7 in Dodging
 14481 | D:8      | Found a transporter.
 14531 | D:8      | Found a transporter.
 14665 | D:8      | Noticed an elephant
 14979 | D:8      | Reached skill level 5 in Fighting
 15030 | D:8      | Noticed a troll
 15071 | D:8      | Noticed a cyclops
 15083 | D:8      | Found a staircase to the Lair.
 15468 | D:8      | Noticed a two-headed ogre
 15479 | D:8      | Noticed a troll
 15479 | D:8      | Noticed a meliai
 15483 | D:8      | Noticed a red ugly thing
 15593 | D:9      | Noticed a two-headed ogre
 15660 | D:9      | Found Ruwiezit's Book Shop.
 15692 | D:9      | Learned a level 4 spell: Summon Lightning Spire
 15816 | D:9      | Noticed a two-headed ogre
 16031 | D:8      | Noticed an unseen horror
 16104 | Lair:1   | Entered Level 1 of the Lair of Beasts
 16119 | Lair:1   | Found a shimmering altar of Xom.
 16237 | Lair:1   | Noticed a cane toad
 16244 | Lair:1   | Reached skill level 1 in Air Magic
 16247 | Lair:1   | Noticed a komodo dragon
 16269 | Lair:1   | Killed a komodo dragon
 16270 | Lair:1   | Reached skill level 8 in Dodging
 16432 | Lair:1   | Noticed a black mamba
 16444 | Lair:1   | Killed a black mamba
 16449 | Lair:1   | Noticed a cane toad
 16480 | D:8      | Succumbed to a cane toad's poison
 16480 | D:8      | Lost a life (1 life remaining)
 16498 | D:8      | Killed an elephant
 16499 | D:8      | Reached XP level 10. HP: 53/53 MP: 16/21
 16499 | D:8      | Gained a life (2 lives remaining)
 16543 | D:8      | Killed a cane toad
 16665 | D:8      | Killed a red ugly thing
 17540 | D:9      | Reached skill level 9 in Dodging
 17543 | D:9      | Killed a two-headed ogre
 17850 | D:9      | Killed a two-headed ogre
 17851 | D:9      | Reached skill level 5 in Fire Magic
 17953 | D:9      | Reached skill level 5 in Air Magic
 17966 | D:9      | Reached XP level 11. HP: 56/58 MP: 5/23
 18961 | Lair:1   | Reached skill level 10 in Dodging
 20442 | Lair:1   | Noticed a lindwurm
 20445 | Lair:1   | Noticed a lindwurm
 20449 | Lair:1   | Noticed a lindwurm
 20942 | Lair:1   | Noticed a lindwurm
 20992 | Lair:1   | Bought a ring of protection from fire for 300 gold pieces
 20992 | Lair:1   | Bought an amulet of magic regeneration for 360 gold pieces
 21006 | Lair:1   | Learned a level 3 spell: Inner Flame
 21094 | Lair:2   | Reached skill level 11 in Dodging
 21094 | Lair:2   | Reached skill level 10 in Summonings
 21183 | Lair:2   | Found a hole to the Spider Nest.
 21183 | Lair:2   | Noticed an orb spider
 21465 | Lair:2   | Noticed a seven-headed hydra
 21467 | Lair:2   | Noticed a death yak
 21483 | Lair:2   | Killed a seven-headed hydra
 21491 | Lair:2   | Killed a death yak
 21492 | Lair:2   | Gained mutation: Your thick and shaggy fur keeps you warm.
                  | (AC +3, rC+) [Felid growth]
 21492 | Lair:2   | Reached XP level 12. HP: 13/66 MP: 18/26
 21821 | Lair:2   | Reached skill level 12 in Dodging
 22071 | Lair:2   | Found an iron altar of Okawaru.
 23214 | Lair:3   | Noticed an eight-headed hydra
 23226 | Lair:3   | Killed an eight-headed hydra
 23328 | Lair:3   | Found a staircase to the Swamp.
 23891 | Lair:2   | Reached skill level 13 in Dodging
 24376 | Lair:3   | Reached skill level 10 in Fighting
 24510 | Lair:3   | Reached skill level 10 in Spellcasting
 24791 | Lair:3   | Learned a level 3 spell: Swiftness
 24800 | Lair:4   | Reached skill level 5 in Stealth
 24900 | Lair:4   | Found a dark tunnel.
 25003 | Lair:3   | Bought a book of Dreams for 432 gold pieces
 25008 | Lair:3   | Learned a level 4 spell: Anguish
 25036 | Lair:4   | Found a runed translucent gate.
 25036 | Lair:4   | Found a runed translucent gate.
 25036 | Lair:4   | Found a runed translucent gate.
 25037 | Lair:4   | Noticed a rockslime
 25037 | Lair:4   | Noticed an acid blob
 25037 | Lair:4   | Noticed a great orb of eyes
 25040 | Lair:4   | Noticed a rockslime
 25040 | Lair:4   | Noticed an acid blob
 25041 | Lair:4   | Noticed CougarLife's ghost (journeyman GnEE)
 25042 | Lair:4   | Noticed an azure jelly
 25042 | Lair:4   | Noticed an azure jelly
 25138 | Lair:4   | Noticed an acid blob
 25141 | Lair:4   | Noticed an acid blob
 25146 | Lair:4   | Found a viscous altar of Jiyva.
 25207 | Lair:4   | Reached skill level 1 in Necromancy
 26102 | Lair:4   | Noticed a five-headed hydra
 26454 | Lair:4   | Found a staircase to the Slime Pits.
 26454 | Lair:4   | Found a viscous altar of Jiyva.
 26777 | Lair:4   | Killed a five-headed hydra
 26941 | Lair:5   | Entered Level 5 of the Lair of Beasts
 26946 | Lair:5   | Noticed a boulder beetle
 28078 | D:7      | Reached XP level 13. HP: 72/72 MP: 21/28
 28730 | D:10     | Entered Level 10 of the Dungeon
 29090 | D:10     | Noticed Psyche
 29099 | D:10     | Killed Psyche
 29412 | D:10     | Reached skill level 14 in Dodging
 29519 | D:10     | Found a glowing golden altar of the Shining One.
 29521 | D:10     | Noticed an angel
 29529 | D:10     | Found a basalt altar of Yredelemnul.
 29531 | D:10     | Noticed a profane servitor
 30559 | D:11     | Noticed Harold
 30566 | D:11     | Found a staircase to the Orcish Mines.
 30656 | D:11     | Killed Harold
 30954 | D:11     | Noticed Nergalle
 31240 | Lair:4   | Bought a ring of wizardry for 390 gold pieces
 31523 | D:9      | Bought a book of Blood for 392 gold pieces
 31531 | D:9      | Learned a level 7 spell: Summon Hydra
 33920 | Lair:5   | Reached skill level 15 in Dodging
 35068 | D:9      | Bought a There-And-Back Book for 420 gold pieces
 35072 | D:9      | Learned a level 3 spell: Teleport Other
 35238 | Lair:5   | Reached skill level 1 in Translocations
 35587 | Lair:5   | Reached XP level 14. HP: 63/79 MP: 23/29
 37947 | Lair:5   | Reached skill level 5 in Translocations
 39974 | D:11     | Killed Nergalle
 40166 | Orc:1    | Entered Level 1 of the Orcish Mines
 40667 | Orc:1    | Noticed Maurice
 40923 | D:11     | Maurice stole a +4 ring of protection
 40925 | D:11     | Maurice stole a talisman of death
 41169 | D:11     | Killed Maurice
 41170 | D:11     | Reached skill level 16 in Dodging
 41242 | Orc:1    | Noticed Sonja
 41248 | Orc:1    | Killed Sonja
 42151 | Orc:2    | Entered Level 2 of the Orcish Mines
 43960 | Orc:2    | Found a staircase to the Elven Halls.
 44168 | Orc:2    | Found Boinuwur's Armour Emporium.
 44168 | Orc:2    | Found Effulugo's Book Shop.
 44170 | Orc:2    | Found Qerorch's Assorted Antiques.
 44172 | Orc:2    | Found Pacaent's Weapon Shoppe.
 44486 | Swamp:1  | Entered Level 1 of the Swamp
 44702 | Lair:3   | Mangled by a six-headed hydra
 44702 | Lair:3   | Lost a life (1 life remaining)
 46091 | D:12     | Reached skill level 5 in Necromancy
 46512 | Orc:2    | Bought a book of Decay for 600 gold pieces
 48607 | D:13     | Reached XP level 15. HP: 86/86 MP: 24/30
 48607 | D:13     | Gained a life (2 lives remaining)
 49815 | D:14     | Noticed Urug
 49815 | D:14     | Found a gate to the Vaults.
 50251 | D:14     | Killed Urug
 50252 | D:14     | Reached skill level 17 in Dodging
 50898 | D:14     | Bought a scroll of amnesia for 76 gold pieces
 50965 | D:14     | Learned a level 6 spell: Death Channel
 51180 | Orc:2    | Bought a runed gold wand for 72 gold pieces
 51180 | Orc:2    | Bought a lightning rod (4/4) for 720 gold pieces
 52159 | D:14     | Found a hazy altar of Hepliaklqana.
 52813 | D:15     | Entered Level 15 of the Dungeon
 53786 | D:15     | Found a staircase to the Depths.
 53827 | D:15     | Found Edobyruv's Assorted Antiques.
 53835 | D:15     | Bought a scroll of amnesia for 148 gold pieces
 53840 | D:15     | Learned a level 4 spell: Martyr's Knell
 55328 | Swamp:1  | Noticed Frances
 55537 | Swamp:1  | Noticed Kirke
 55538 | Swamp:1  | Noticed Nikola
 55552 | Swamp:1  | Killed Kirke
 55554 | Swamp:1  | Killed from afar by Nikola
 55554 | Swamp:1  | Lost a life (1 life remaining)
 55688 | Swamp:1  | Killed Nikola
 56519 | Swamp:2  | Reached XP level 16. HP: 73/93 MP: 32/32
 56519 | Swamp:2  | Gained a life (2 lives remaining)
 56683 | Swamp:2  | Reached skill level 18 in Dodging
 57928 | Elf:1    | Entered Level 1 of the Elven Halls
 57956 | Elf:1    | Noticed a Brimstone Fiend
 59347 | Elf:1    | Reached skill level 10 in Necromancy
 60203 | Elf:1    | Learned a level 7 spell: Haunt
 60289 | Elf:1    | Identified the -1 tower shield of Tempters {Dex+2}
 60289 | Elf:1    | Noticed Louise
 60296 | Elf:1    | Killed Louise
 60418 | Elf:1    | Upgraded the game from 0.32-a0-136-gc02482bde3 to
                  | 0.32-a0-163-g159c032296
 61531 | Elf:1    | Got Iziapuf's Vademecum on Allied Battling
 63363 | Swamp:3  | Learned a level 6 spell: Summon Cactus Giant
 63761 | Swamp:4  | Entered Level 4 of the Swamp
 64025 | Swamp:4  | Noticed Mara
 64027 | Swamp:4  | Noticed octoduck's illusion
 64159 | Swamp:4  | Noticed Mlioglotl
 64497 | Elf:2    | Killed from afar by a deep elf knight
 64497 | Elf:2    | Lost a life (1 life remaining)
 64762 | Elf:1    | Upgraded the game from 0.32-a0-163-g159c032296 to
                  | 0.32-a0-290-g598725c5f2
 64824 | Elf:2    | Reached skill level 19 in Dodging
 64824 | Elf:2    | Reached skill level 1 in Shapeshifting
 65157 | Spider:1 | Entered Level 1 of the Spider Nest
 65519 | Swamp:4  | Noticed a tentacled starspawn
 65531 | Swamp:4  | Killed Mlioglotl
 65680 | Swamp:4  | Reached XP level 17. HP: 78/98 MP: 13/35
 65680 | Swamp:4  | Gained a life (2 lives remaining)
 65697 | Swamp:4  | Reached skill level 15 in Fighting
 66223 | Swamp:4  | Noticed a tentacled monstrosity
 66236 | Swamp:4  | Killed a tentacled monstrosity
 66550 | Swamp:4  | Reached skill level 5 in Shapeshifting
 67489 | Swamp:4  | Paralysed by an ogre mage for 2 turns
 67580 | Swamp:4  | HP: 7/148 [spriggan rider/+0 spear[a spriggan druid] (2)]
 67581 | Swamp:4  | Killed from afar by a spriggan druid
 67581 | Swamp:4  | Lost a life (1 life remaining)
 67781 | Swamp:3  | Upgraded the game from 0.32-a0-290-g598725c5f2 to
                  | 0.32-a0-306-gfed3edf829
 67999 | Swamp:4  | Killed Mara
 69207 | Swamp:4  | Got a decaying rune of Zot
 70228 | D:4      | Killed TheLasagnaBaron's ghost
 70543 | Depths:1 | Entered Level 1 of the Depths
 71666 | Depths:1 | Found a one-way gate to the infinite horrors of the Abyss.
 71677 | Depths:1 | Found a broken altar of Ashenzari.
 72406 | Depths:1 | Found a gateway to Hell.
 73225 | Depths:1 | Learned a level 7 spell: Malign Gateway
 73254 | Depths:2 | Slain by a spark wasp
 73254 | Depths:2 | Lost a life (0 lives remaining)
 73265 | Depths:2 | Found a shadowy altar of Dithmenos.
 74125 | Depths:2 | Noticed a lich
 74281 | Depths:2 | Reached skill level 10 in Shapeshifting
 74281 | Depths:2 | Reached XP level 18. HP: 94/104 MP: 10/36
 75715 | Depths:2 | Killed a lich
 76160 | Depths:2 | Reached skill level 10 in Translocations
 77024 | Depths:2 | Found a one-way gate leading to the halls of Pandemonium.
 77637 | Depths:2 | Noticed a tentacled monstrosity
 77873 | Depths:3 | Found a one-way gateway to a ziggurat.
 78480 | Depths:3 | Found a runed translucent door.
 79196 | Depths:4 | Entered Level 4 of the Depths
 79250 | Depths:4 | Noticed a lich
 79251 | Depths:4 | Killed a lich
 79262 | Depths:4 | Noticed a caustic shrike
 79265 | Depths:4 | Noticed a caustic shrike
 79266 | Depths:4 | Noticed a caustic shrike
 79266 | Depths:4 | Noticed a caustic shrike
 79267 | Depths:4 | Noticed a caustic shrike
 79268 | Depths:4 | Killed a caustic shrike
 79270 | Depths:4 | Killed a caustic shrike
 79274 | Depths:4 | Killed a caustic shrike
 79274 | Depths:4 | Killed a caustic shrike
 79276 | Depths:4 | Killed a caustic shrike
 79530 | Depths:4 | Identified the +2 orcbow of Incongruity {heavy, rC+}
 79997 | Depths:4 | Noticed a bone dragon
 80043 | Depths:4 | Killed a bone dragon
 80196 | Depths:4 | Noticed a walking crystal tome
 80219 | Depths:4 | HP: 4/104 [spriggan berserker/+1 hand axe of flaming (40)]
 80219 | Depths:4 | Mangled by a spriggan berserker

Illustrated notes

Levels and vault maps discovered:
D:1:      tarquinn_simple_flora_water_e, layout_loops_ring, serial_shops, shop
D:2:      layout_basic, basic_altar, serial_shops, shop,
          dreamdust_princess_bridge, minmay_quantized, uniq_terence,
          uniq_jessica
D:3:      layout_basic, demons_altar, pf_guarded_unrand_woodcutter
D:4:      layout_basic, minmay_temple_entry_statues_fountains, serial_curves,
          eino_curves_02, eino_curves_03, gammafunk_ghost_grave
D:5:      kennysheep_spiral_hall, layout_basic, overflow_temple_1_default,
          minitemple, serial_shops, shop, uniq_pikel
D:6:      layout_loops_corners
D:7:      layout_basic, grunt_potential
D:8:      gammafunk_the_bubble [the_bubble_gammafunk_grid], layout_loops_ring,
          david_lair_generic, minmay_microvault
D:9:      layout_layer_cave, serial_shops, shop
D:10:     layout_roguey, grunt_temple_overflow_holy_war, uniq_psyche
D:11:     layout_stronghold, orc_0_dummy, uniq_nergalle, uniq_harold
D:12:     layout_small_grid
D:13:     layout_basic, nicolae_concentric_dashed_squares_wild,
          kennysheep_small_circle
D:14:     layout_basic, david_vaults_3, nicolae_hepliaklqana_hazy_memory
D:15:     grunt_enter_depths_snipers, layout_rooms, serial_shops, shop
Temple:   nicolae_temple_elliptical
Lair:1:   layout_layer_cave, basic_altar, chequers_serial_rivers_micro_b,
          nicolae_lair_lindhole
Lair:2:   nzn_winding_woodlands_cross [nzn_winding_woodlands_5x15_pool,
          nzn_winding_woodlands_5x15_cabin, nzn_winding_woodlands_5x15_garden,
          nzn_winding_woodlands_5x15_pathside_ponds,
          nzn_winding_woodlands_15x15_thick_spiral], layout_regular_city,
          nicolae_spider_entry_orb_guardian, basic_altar
Lair:3:   layout_hall_layers, skrybe_swamp_entry_bodies, lemuel_fruit_tree
Lair:4:   layout_cave_pods, slime_entry_1, gammafunk_ghost_ooze,
          enter_volcano_3, infiniplex_staircase_pool, serial_bayou_shore_a
Lair:5:   hangedman_lair_caniforms_friends, layout_loops_ring, wormcave
Swamp:1:  layout_falls_marsh, evilmike_swamp_ruin_house_3,
          infiniplex_staircase_pool_2, uniq_kirke, uniq_frances, uniq_nikola
Swamp:2:  layout_falls_marsh, nicolae_swamp_very_dense_foliage, swamp_pool_4
Swamp:3:  layout_falls_marsh, evilmike_swamp_ruin_house_6, swamp_pool_5
Swamp:4:  nzn_swamp_witches_coven, layout_basic_swamp, water_boxes_lemuel,
          uniq_mlioglotl, uniq_mara
Spider:1: layout_spider_delve, nicolae_spider_eight_legs
Orc:1:    layout_caves, nicolae_orc_lava_tube, uniq_maurice, uniq_sonja
Orc:2:    st_orc_rangers, layout_caves, special_room
Elf:1:    eino_elf_arrival_the_gate, layout_loops_corners, minmay_elf_sorcery,
          grunt_megastairs_4, uniq_louise
Elf:2:    elven_hall_of_blades_hangedman_alternative
          [nicolae_blade_little_rooms], layout_geoelf_grid,
          nicolae_elf_deep_mausoleum
Depths:1: layout_basic, hell_entry, abyss_entry, nicolae_ashenzari_skybound,
          grunt_megastairs_1
Depths:2: regret_index_all_hallows'_manor, layout_gridlike, hell_entry,
          grunt_dithmenos_smoke_and_mirrors, pan_entry,
          serial_library_regret_index_split_case, dispersion_dpeg,
          infiniplex_staircase_pillars_1, firewood_loft
Depths:3: cheibrodos_quadrivalence, layout_long_grid, enter_ziggurat_b,
          serial_sigils, serial_sigils_hangedman_scratch,
          serial_sigils_hangedman_shear, serial_sigils_hangedman_scar,
          serial_sigils_hangedman_snap, serial_sigils_hangedman_stare,
          minmay_room_of_horrors, minmay_misc_feat_square, hell_entry,
          lightli_giant_bouncers
Depths:4: grunt_zot_entry_pinwheel, layout_gridlike, serial_glass,
          glass_columns_b, glass_columns_b, rand_demon_pan_entry_9, hell_entry,
          st_stairs_14, grunt_decor_arrowhead, drop_trap,
          nicolae_shop_sticking_my_neck_out

Skill      XL: |  1  2  3  4  5  6  7  8  9 10 11 12 13 14 15 16 17 18 |
---------------+-------------------------------------------------------+-----
Spellcasting   | 3 4 5 6 7 9 10 11 13 | 13.3
Summonings     | 5 6 7 8 9 10 12 13 | 13.8
Dodging        | 3 4 5 6 8 9 11 13 15 16 17 19 | 19.0
Fighting       | 2 3 4 5 7 9 10 11 13 14 15 | 15.0
Fire Magic     | 1 2 4 5 |  5.0
Air Magic      | 3 5 |  5.0
Stealth        | 5 |  5.2
Necromancy     | 3 6 9 10 | 10.0
Translocations | 2 5 8 11 | 11.5
Shapeshifting  | 2 10 12 | 12.8

Action                     |  1- 3 |  4- 6 |  7- 9 | 10-12 | 13-15 | 16-18 || total
---------------------------+-------+-------+-------+-------+-------+-------++-------
  Melee: Unarmed           |     1 |       |       |     5 |    18 |    18 ||    42
         Bite              |       |       |       |     1 |     5 |     5 ||    11
         Punch             |       |       |       |     1 |     3 |     2 ||     6
   Cast: Summon Small Mamm |    26 |    14 |    54 |     3 |       |       ||    97
         Call Imp          |    28 |    24 |    59 |    11 |       |       ||   122
         Call Canine Famil |     2 |    21 |    51 |    37 |    24 |       ||   135
         Summon Blazeheart |       |       |    12 |    87 |   169 |    34 ||   302
         Summon Lightning  |       |       |       |    53 |   109 |       ||   162
         Inner Flame       |       |       |       |    12 |    52 |     6 ||    70
         Anguish           |       |       |       |     2 |    85 |    26 ||   113
         Swiftness         |       |       |       |     1 |     3 |     2 ||     6
         Summon Hydra      |       |       |       |       |    93 |   126 ||   219
         Teleport Other    |       |       |       |       |     9 |       ||     9
         Death Channel     |       |       |       |       |     8 |    35 ||    43
         Martyr's Knell    |       |       |       |       |     4 |    42 ||    46
         Haunt             |       |       |       |       |       |   103 ||   103
         Summon Cactus Gia |       |       |       |       |       |    56 ||    56
         Malign Gateway    |       |       |       |       |       |    31 ||    31
 Invoke: Call Merchant     |       |       |       |     2 |     3 |       ||     5
         Potion Petition   |       |       |       |       |       |     4 ||     4
  Evoke: Wand              |       |       |     8 |     2 |     5 |     4 ||    19
         Lightning rod     |       |       |       |       |     2 |       ||     2
    Use: Scroll            |     3 |     7 |     9 |     4 |    23 |     9 ||    55
         Potion            |       |       |     3 |       |     5 |     8 ||    16
   Stab: Distracted        |       |       |       |       |     1 |       ||     1
 Armour: Skin              |    15 |     8 |    23 |    36 |   168 |   158 ||   408
  Dodge: Dodged            |    23 |    20 |    62 |   169 |   423 |   318 ||  1015

Table legend: (Time is in decaauts)
 A = Elapsed time spent in this place.
 B = Non-inter-level travel time spent in this place.
 C = Inter-level travel time spent in this place.
 D = Time resting spent in this place.
 E = Time spent auto-exploring this place.
 F = Levels seen in this place.
 G = Mean time per level.
                   A        B        C        D        E       F      G
               +--------+--------+--------+--------+--------+-----+--------+
         Total |  80948 |  70993 |   9955 |  34278 |  19606 |  34 | 2380.8 |
       Dungeon |  33150 |  28351 |   4799 |  11532 |   9652 |  15 | 2210.0 |
        Temple |     40 |      2 |     38 |      0 |      0 |   1 |   40.0 |
          Lair |  21103 |  18417 |   2686 |  10383 |   4063 |   5 | 4220.6 |
         Swamp |   8922 |   8035 |    887 |   4037 |   1920 |   4 | 2230.5 |
   Spider Nest |      4 |      4 |      0 |      0 |      0 |   1 |    4.0 |
  Orcish Mines |   4201 |   3735 |    466 |   2353 |    721 |   2 | 2100.5 |
   Elven Halls |   3821 |   3340 |    481 |   1470 |    838 |   2 | 1910.5 |
        Depths |   9701 |   9105 |    596 |   4503 |   2412 |   4 | 2425.2 |
               +--------+--------+--------+--------+--------+-----+--------+

Top non-repeatable levels by time:
  Lair:5: 7167 daAuts
  Lair:3: 4582 daAuts
Depths:2: 3738 daAuts
   Elf:1: 3613 daAuts
 Swamp:4: 3608 daAuts
Depths:1: 3441 daAuts
  Lair:2: 3410 daAuts
     D:5: 3380 daAuts
    D:11: 3300 daAuts
     D:7: 3207 daAuts
   Orc:2: 3165 daAuts
  Lair:4: 3088 daAuts
     D:6: 2879 daAuts
  Lair:1: 2854 daAuts
     D:8: 2699 daAuts
